 Dungeon Crawl Stone Soup version 0.32-a0-540-g866d13106e (webtiles) character file.

Game seed: 17896377446613431329

1673619 Aldia the Cryomancer (level 27, 244/266 HPs)
             Began as a Naga Ice Elementalist on Feb 27, 2024.
             Was the Champion of Cheibriados.
             Escaped with the Orb
             ... and 3 runes on Feb 28, 2024!
             The game lasted 03:43:59 (70736 turns).

Aldia the Cryomancer (Naga Ice Elementalist)       Turns: 70736, Time: 03:44:00

Health: 244/266    AC: 46    Str: 28    XL:     27
Magic:  57/57      EV: 12    Int: 57    God:    Cheibriados [******]
Gold:   1789       SH: 18    Dex: 32    Spells: 7/66 levels left

rFire   + . .        W - staff of cold
rCold   + . .        L - +2 kite shield {AC+3}
rNeg    . . .        U - +4 fire dragon scales "Dobehure" {rF++ rC- Int+6 Dex+3 Stlth+}
rPois   +            m - +3 hat of Pondering {ponderous, Will+ MP+10 Int+5}
rElec   .            P - +2 cloak {Will+}
rCorr   .            u - +3 pair of gauntlets of War {Slay+5}
SInv    +            y - +4 barding
Will    +++++        f - amulet of magic regeneration
Stlth   +            T - +6 ring of intelligence
HPRegen 0.64/turn    d - ring of ice
MPRegen 0.75/turn

%: no passive effects
@: very slow
A: AC +9, large, see invisible, deformed body, poison resistance, slowness 2,
spit poison 2, naga tail 2, antennae 1, mutation resistance 1
0: Orb of Zot
}: 3/15 runes: decaying, serpentine, silver
a: Breathe Poison Gas, Renounce Religion, Bend Time, Temporal Distortion,
Slouch, Step From Time


You escaped.
You worshipped Cheibriados.
Cheibriados was exalted by your worship.
You visited 10 branches of the dungeon, and saw 48 of its levels.
You visited the Abyss 1 time.
You also visited: Ossuary and Ice Cave.

You collected 7934 gold pieces.
You spent 6145 gold pieces at shops.

Inventory:

Hand Weapons
 V - a +9 heavy demon whip
Armour
 m - the +3 hat of Pondering (worn) {ponderous, Will+ MP+10 Int+5}
   (You took it off Gastronok on level 2 of the Lair of Beasts)

   Int+5:     It affects your intelligence (+5).
   Will+:     It increases your willpower.
   MP+10:     It affects your magic capacity (+10).
 u - the +3 pair of gauntlets of War (worn) {Slay+5}
   (You acquired it on level 2 of the Elven Halls)

   Slay+5:    It affects your accuracy & damage with ranged weapons and melee
   (+5).
 y - a +4 barding (worn)
 I - a +0 cloak of preservation
 L - a +2 kite shield of protection (worn)
 P - a +2 cloak of willpower (worn)
 U - the +4 fire dragon scales "Dobehure" (worn) {rF++ rC- Int+6 Dex+3 Stlth+}
   (You found it on level 2 of the Depths)

   Int+6:     It affects your intelligence (+6).
   Dex+3:     It affects your dexterity (+3).
   rF++:      It greatly protects you from fire.
   rC-:       It makes you vulnerable to cold.
   Stlth+:    It makes you more stealthy.
Magical Staves
 W - a staff of cold (weapon)
Jewellery
 a - the ring of Ephyf {rF- Will++ Str+2 Int+6}
   (You took it off a purple draconian on level 4 of the Depths)

   [ring of intelligence]

   Str+2:     It affects your strength (+2).
   Int+6:     It affects your intelligence (+6).
   rF-:       It makes you vulnerable to fire.
   Will++:    It greatly increases your willpower.
 d - a ring of ice (right hand)
 f - an amulet of magic regeneration (around neck)
 j - the ring "Xuskir" {rF- rC+ rN+ Str+5}
   (You found it in an ice cave)

   [ring of positive energy]

   Str+5:     It affects your strength (+5).
   rF-:       It makes you vulnerable to fire.
   rC+:       It protects you from cold.
   rN+:       It protects you from negative energy.
 z - the ring "Jiatol" {rPois rF+ rN+}
   (You took it off a tengu reaver on level 2 of the Depths)

   [ring of positive energy]

   rF+:       It protects you from fire.
   rPois:     It protects you from poison rN+: It protects you from negative
   energy.
 D - the ring "Oniel" {rF+ Dex+3}
   (You took it off a deep elf high priest on level 5 of the Vaults)

   [ring of protection from fire]

   Dex+3:     It affects your dexterity (+3).
   rF+:       It protects you from fire.
 R - an amulet of regeneration
 T - a +6 ring of intelligence (left hand)
 Y - the ring "Juthryzusk" {*Corrode rF+ Str+6 Dex+3}
   (You bought it in a shop on level 4 of the Snake Pit)

   [ring of strength]

   Str+6:     It affects your strength (+6).
   Dex+3:     It affects your dexterity (+3).
   rF+:       It protects you from fire.
   *Corrode:  It may corrode you when you take damage.
Wands
 i - a wand of acid (12)
 E - a wand of digging (5)
 J - a wand of mindburst (22)
 O - a wand of polymorph (12)
 X - a wand of paralysis (56)
Scrolls
 e - 9 scrolls of noise
 l - 5 scrolls of amnesia
 o - 5 scrolls of enchant weapon
 r - 9 scrolls of teleportation
 s - 5 scrolls of fear
 w - 8 scrolls of immolation
 B - a scroll of butterflies
 K - 2 scrolls of brand weapon
 N - 8 scrolls of fog
 Q - 4 scrolls of blinking
 S - 3 scrolls of silence
Potions
 b - 3 potions of magic
 c - 10 potions of attraction
 g - 10 potions of cancellation
 q - 7 potions of enlightenment
 v - 5 potions of brilliance
 x - 9 potions of might
 A - 41 potions of curing
 C - 2 potions of heal wounds
 G - 3 potions of resistance
 H - 5 potions of invisibility
 M - 6 potions of mutation
Miscellaneous
 h - a phial of floods
 p - a phantom mirror
 t - a lightning rod (4/4)
 F - a condenser vane
 Z - a sack of spiders


   Skills:
 + Level 19.5 Fighting
 - Level 10.8(11.3) Maces & Flails
 - Level 5.6(9.0) Staves
 + Level 13.6 Armour
 - Level 7.0 Dodging
 - Level 5.0 Stealth
 + Level 13.7 Shields
 - Level 20.0 Spellcasting
 - Level 7.0 Conjurations
 - Level 4.0 Hexes
 - Level 5.0 Summonings
 - Level 10.0 Translocations
 - Level 6.0 Fire Magic
 - Level 23.0 Ice Magic
 - Level 7.0 Air Magic
 - Level 7.0 Alchemy
 - Level 13.0 Invocations
 - Level 5.0 Evocations


You had 7 spell levels left.
You knew the following spells:

 Your Spells              Type           Power      Damage    Failure   Level
a - Dispersal             Tloc           53%        N/A       1%          6
b - Frozen Ramparts       Ice            100%       1d16      0%          3
c - Ozocubu's Armour      Ice            100%       N/A       0%          3
d - Ozocubu's Refrigerat  Ice            98%        4d29      1%          7
e - Sticky Flame          Fire/Alch      93%        2d14      1%          4
f - Flame Wave            Conj/Fire      93%        2d20      1%          4
g - Freezing Cloud        Conj/Ice/Air   82%        6-21      1%          5
h - Blink                 Tloc           100%       N/A       0%          2
i - Apportation           Tloc           100%       N/A       0%          1
j - Passage of Golubria   Tloc           100%       N/A       1%          4
k - Yara's Violent Unrav  Hex/Alch       44%        3d17      1%          5
l - Polar Vortex          Ice            98%        12d13*    4%          9
m - Sculpt Simulacrum     Ice/Alch       87%        N/A       1%          6

Your spell library contained the following spells:

 Spells                   Type           Power      Damage    Failure   Level
 Freeze                   Ice            100%       1d10      0%          1
 Ensorcelled Hibernation  Hex/Ice        100%       N/A       0%          2
 Lesser Beckoning         Tloc           100%       N/A       0%          2
 Summon Ice Beast         Ice/Summ       100%       N/A       0%          3
 Magic Dart               Conj           100%       1d8       1%          1
 Necrotise                Necr           100%       1d9       1%          1
 Sandblast                Erth           100%       2d20      1%          1
 Shock                    Conj/Air       100%       1d9       1%          1
 Sting                    Conj/Alch      100%       1d9       1%          1
 Summon Small Mammal      Summ           100%       N/A       1%          1
 Call Imp                 Summ           100%       N/A       1%          2
 Cigotuvi's Dreadful Rot  Necr/Alch/Air  100%       N/A       1%          2
 Mercury Vapours          Alch/Air       100%       N/A       1%          2
 Momentum Strike          Conj/Tloc      100%       3d10      1%          2
 Scorch                   Fire           100%       2d9       1%          2
 Sublimation of Blood     Necr           54%        N/A       1%          2
 Call Canine Familiar     Summ           85%        N/A       1%          3
 Fugue of the Fallen      Necr           54%        N/A       1%          3
 Gell's Gravitas          Tloc           100%       N/A       1%          3
 Inner Flame              Hex/Fire       85%        N/A       1%          3
 Mephitic Cloud           Conj/Alch/Air  95%        N/A       1%          3
 Passwall                 Erth           54%        N/A       1%          3
 Stone Arrow              Conj/Erth      100%       3d13      1%          3
 Swiftness                Air            95%        N/A       1%          3
 Teleport Other           Tloc           100%       N/A       1%          3
 Tukima's Dance           Hex            80%        N/A       1%          3
 Vampiric Draining        Necr           54%        2d9       1%          3
 Airstrike                Air            47%        2d(7-23)  1%          4
 Brom's Barrelling Bould  Conj/Erth      77%        2d9       1%          4
 Cause Fear               Hex            40%        N/A       1%          4
 Dimensional Bullseye     Hex/Tloc       47%        N/A       1%          4
 Ignite Poison            Fire/Alch      93%        N/A       1%          4
 Iskenderun's Mystic Bla  Conj/Tloc      100%       2d19      1%          4
 Leda's Liquefaction      Alch/Erth      38%        N/A       1%          4
 Manifold Assault         Tloc           100%       N/A       1%          4
 Martyr's Knell           Necr/Summ      71%        N/A       1%          4
 Olgreb's Toxic Radiance  Alch           95%        N/A       1%          4
 Petrify                  Alch/Erth      77%        N/A       1%          4
 Summon Blazeheart Golem  Fire/Summ      88%        N/A       1%          4
 Metabolic Englaciation   Hex/Ice        84%        N/A       1%          5
 Silence                  Hex/Air        44%        N/A       1%          5
 Anguish                  Hex/Necr       34%        N/A       2%          4
 Summon Mana Viper        Hex/Summ       83%        N/A       2%          5
 Animate Dead             Necr           54%        N/A       5%          4
 Dispel Undead            Necr           54%        3d20      5%          4
 Summon Cactus Giant      Summ           42%        N/A       11%         6
 Curse of Agony           Necr           54%        N/A       16%         5
 Lee's Rapid Deconstruct  Erth           27%        3d14*     16%         5
 Bombard                  Conj/Erth      38%        9d7       21%         6
 Malign Gateway           Summ/Tloc      48%        N/A       22%         7
 Spellforged Servitor     Conj/Summ      45%        N/A       38%         7
 Death Channel            Necr           27%        N/A       65%         6
 Enfeeble                 Hex            40%        N/A       67%         7
 Haunt                    Necr/Summ      35%        N/A       86%         7
 Disjunction              Tloc           53%        N/A       52%         8
 Ignition                 Fire           45%        3d13      97%         8
 Summon Horrible Things   Summ           42%        N/A       99%         8
 Infestation              Necr           27%        N/A       100%        8


Dungeon Overview and Level Annotations

Branches:
Dungeon (15/15)            Temple (1/1) D:5            Lair (5/5) D:10
  Swamp (4/4) Lair:2        Snake (4/4) Lair:3        Slime (0/5) Lair:5
    Orc (2/2) D:12            Elf (3/3) Orc:2        Vaults (5/5) D:14
  Crypt (0/3) Vaults:3     Depths (4/4) D:15            Zot (5/5) Depths:4
Ossuary (visited)           IceCv (visited)

Altars:
Ashenzari
Cheibriados
Dithmenos
Elyvilon
Fedhas
Gozag
Hepliaklqana
Kikubaaqudgha
Makhleb
Nemelex Xobeh
Okawaru
Qazlal
Ru
Sif Muna
Trog
Uskayaw
Vehumet
Wu Jian
Xom
Yredelemnul
Zin
The Shining One
Ignis
Jiyva

Shops:
D:7 =   D:9 !   Orc:2 [(*:?   Elf:1 ((?**=::   Snake:2 ?[:   Snake:4 *(((=
Vaults:1 (   Vaults:5 !?!!?!

Portals:
Hell: Depths:1 Depths:2 Depths:3 Depths:4
Abyss: Depths:3 Depths:4
Pandemonium: Orc:2 Depths:1 Depths:2 Depths:4
Ziggurat: Depths:2

Annotations:
Swamp:2 Roxanne
Elf:2 5 runed translucent doors
Elf:3 exclusions: door and 1 more exclusion
Depths:3 4 transporters
Depths:4 3 runed translucent doors, Ciogh's ghost, veteran GnWn; Oxzi's ghost, adept DEHW; Soteoser's ghost, veteran MiBe


Innate Abilities, Weirdness & Mutations

Your serpentine skin is tough. (AC +9)
You have supernaturally acute eyesight. (SInv)
Armour fits poorly on your strangely shaped body.
Your system is resistant to poisons. (rPois)
You cover ground very slowly.
You can exhale a cloud of poison.
You can use your snake-like lower body to constrict enemies.
You have a pair of small antennae on your head.
You are somewhat resistant to further mutation.


Message History

You climb upwards.
There is a stone staircase leading down here.
A Hell Sentinel comes into view.
Press: ? - help, v - describe, . - travel
Here: a Hell Sentinel The floor.
Unknown command.
Casting: Ozocubu's Refrigeration (safe; 1% risk of failure)
Confirm with . or Enter, or press ? or * to list all spells.
You feel a strong surge of power!
A great freezing vortex appears and lifts you up.
Unknown command.
You block the Hell Sentinel's attack.
The Hell Sentinel hits you but does no damage.
You hit the Hell Sentinel. You grab the Hell Sentinel.
The Hell Sentinel is heavily wounded.
You lose your grip on something.
You hit the Hell Sentinel. You grab the Hell Sentinel.
The Hell Sentinel is severely wounded.
You lose your grip on something.
The Hell Sentinel hits you!!
The Hell Sentinel hits you but does no damage.
You hit the Hell Sentinel but do no damage.
You grab the Hell Sentinel.
The Hell Sentinel is almost dead.
You lose your grip on something.
The winds around you start to calm down.
You float gracefully downwards.
The Hell Sentinel gestures at you.
The sphere of damnation explodes!
The damnation engulfs you!!
The damnation engulfs the Hell Sentinel.
The Hell Sentinel completely resists.
You hit the Hell Sentinel. Your grab misses the Hell Sentinel.
The Hell Sentinel is almost dead.
Unknown command.
You hit the Hell Sentinel!
You kill the Hell Sentinel!
Cheibriados appreciates the change of pace.
The winds around you calm down.
There is a staircase leading out of the dungeon here.
You have escaped!

#.# ##########...##......# #.#
#...........###......#
##'#######...#.....#..##......#
.............##...##..##......#
.......##....###.###.....#....#
......###.###.##.##.###..##..##
......# #..###.#.#.###...###.#
......###...###...###....###.###
................@..............#
##'#####....###...###...####.รท.#
...# #...###.#.#.###..#......#
...# #..###.##.##.###.####...#
##.######....###.###....# #...#
.............##...##..######...##
.#.#######...#.....#............#
.#.# #.#.........#...........
.#.# #.####....##############


There were no monsters in sight!

Vanquished Creatures
  3 dread liches
  6 ancient liches
  4 orbs of fire
  Mennas (Vaults:4)
  Mara (Depths:2)
  4 juggernauts
  Sojobo (Depths:2)
  Josephina (Depths:2)
  Margery (Vaults:4)
  Bai Suzhen (Depths:1)
  Vashnia (Snake:4)
  4 Killer Klowns
  9 golden dragons
  Nikola (Swamp:1)
  Norris (Depths:1)
  Jory (Vaults:4)
  4 electric golems
  A hellephant (Vaults:4)
  Rupert (D:14)
  Mlioglotl (Swamp:2)
  A walking earthen tome (Depths:1)
  4 liches
  A Hell Sentinel (D:1)
  7 quicksilver dragons
  12 tentacled monstrosities
  23 Orb Guardians
  6 titans (Vaults:5)
  6 sphinxes
  Gastronok (Lair:2)
  8 death cobs
  3 thorn hunters
  12 tengu reavers
  9 shadow dragons
  Aizul (Snake:1)
  3 nagarajas
  14 storm dragons
  The ghost of Jij Eziczi the Toxicologist, a journeyman DgAl (Swamp:2)
  7 frost giants
  10 protean progenitors
  5 draconian monks (Depths:4)
  7 fire giants
  An iron dragon (Vaults:5)
  Louise (D:14)
  4 draconian shifters
  5 deep elf sorcerers
  5 draconian scorchers
  11 vault wardens
  3 ghost moths
  A balrug (Depths:2)
  7 draconian knights
  3 orc warlords
  A deep elf elementalist (Elf:1)
  3 draconian stormcallers
  4 spectral caustic shrikes (Depths:3)
  21 ironbound preservers
  2 cacodemons
  A demonspawn blood saint (D:10)
  2 draconian annihilators
  2 spriggan defenders (Depths:4)
  7 green draconians
  2 reapers
  A formless jellyfish (Vaults:3)
  2 deep elf demonologists
  3 deep elf death magi
  8 very ugly things
  8 ironbound thunderhulks
  11 vampire knights
  15 black draconians
  14 stone giants
  A deep elf annihilator (Elf:1)
  5 eleionomae
  6 yellow draconians
  A dire elephant (Vaults:3)
  15 white draconians
  9 red draconians
  Azrael (D:15)
  8 spark wasps
  12 purple draconians
  14 bunyips
  A blizzard demon (D:10)
  6 war gargoyles
  15 ettins
  21 fire dragons
  3 jiangshi (Depths:4)
  12 yaktaur captains
  3 salamander tyrants (Snake:4)
  5 deep elf high priests (Vaults:5)
  2 entropy weavers
  31 vault guards
  7 great orbs of eyes
  30 hydras
  4 shambling mangroves
  A hell beast (Depths:1)
  2 spectral fenstrider witches (Swamp:2)
  3 peacekeepers
  8 rakshasas
  2 caustic shrike simulacra (IceCv)
  An ogre mage (D:15)
  A demonspawn (Orc:2)
  6 ice dragons
  5 centaur warriors
  2 catoblepae (Lair:5)
  A spark wasp (shapeshifter) (Depths:4)
  3 boulder beetles
  13 alligators
  6 spriggan air magi
  2 ghost crabs (Swamp:1)
  15 dancing weapons
  9 deep troll shamans
  5 anacondas
  10 ironbound frosthearts
  3 tengu warriors
  10 two-headed ogres
  2 vampire magi
  15 deep troll earth magi
  12 death yaks (Lair:5)
  12 naga sharpshooters
  18 naga warriors
  5 orc high priests (Orc:2)
  A titan zombie (Depths:2)
  Sonja (D:10)
  7 deep elf knights
  5 shock serpents
  8 spriggans
  Amaemon (D:8)
  7 hell knights
  3 soul eaters
  4 skysharks
  A sixfirhy (D:13)
  4 salamander mystics
  2 sun demons
  Lodul (D:14)
  A skyshark (shapeshifter) (Vaults:2)
  9 iron trolls
  A golden dragon zombie (Depths:1)
  51 deep trolls
  5 goliath frogs
  4 glowing orange brains
  5 spriggan druids
  A shadow demon (D:12)
  8 mana vipers
  16 bog bodies
  A sun moth (shapeshifter) (Vaults:5)
  13 ironbound convokers
  3 orb spiders (Zot:1)
  An obsidian statue (IceCv)
  3 death drakes (Depths:4)
  11 swamp dragons
  A deep troll (shapeshifter) (Vaults:5)
  8 naga ritualists
  8 arcanists
  13 deep elf archers
  6 spriggan simulacra
  4 thermic dynamos
  4 phantasmal warriors (Vaults:5)
  2 fenstrider witch simulacra (Swamp:2)
  8 harpies
  31 deep elf pyromancers
  6 lindwurms
  9 orc knights
  5 necromancers
  8 orc sorcerers
  A fire giant zombie (Depths:1)
  2 spectral spriggans (Swamp:2)
  2 tengu skeletons
  31 deep elf zephyrmancers
  A shining eye (shapeshifter) (Vaults:5)
  A wolf spider (D:15)
  A salamander (shapeshifter) (D:13)
  4 cyclopes
  7 manticores
  3 will-o-the-wisps
  16 guardian serpents
  Maurice (Orc:1)
  4 meliai
  17 moths of wrath
  36 ugly things
  20 salamanders
  6 elephants (Lair:1)
  13 vault sentinels
  2 large abominations (Abyss:5)
  2 rust devils
  A toenail golem (D:8)
  22 black mambas
  17 naga magi
  3 kobold blastminers (Orc:2)
  13 cane toads
  4 gargoyles
  An eye of devastation (Zot:4)
  An orange demon (D:8)
  A smoke demon (Depths:2)
  2 hellions
  2 rime drakes (Lair:5)
  An ice statue (Snake:2)
  11 komodo dragons
  15 freezing wraiths
  3 spark wasp simulacra (Depths:2)
  A tormentor (Zot:5)
  3 anaconda simulacra (IceCv)
  17 yaktaurs
  6 tengu conjurers
  5 trolls
  A red devil (Zot:3)
  2 ice devils
  3 merfolk (Zot:5)
  2 bloated husks (Swamp:1)
  8 tyrant leeches
  5 alligator simulacra (IceCv)
  A polar bear (Lair:5)
  A wind drake (shapeshifter) (Vaults:5)
  16 hornets
  A tengu simulacrum (Depths:2)
  2 glass eyes
  18 blink frogs
  A spriggan zombie (Depths:1)
  A polar bear (shapeshifter) (Elf:2)
  A tarantella (Vaults:1)
  A raiju (shapeshifter) (D:13)
  A jumping spider (Vaults:3)
  2 ynoxinuls
  4 shadows
  A centaur simulacrum (D:15)
  A spriggan skeleton (Depths:1)
  3 vampires (Vaults:3)
  3 air elementals
  A wyvern (shapeshifter) (Depths:1)
  2 wraiths
  5 dire elephant simulacra (IceCv)
  31 slime creatures
  7 water elementals
  5 wyverns
  A culicivora (shapeshifter) (D:15)
  4 fire elementals
  53 yaks
  7 basilisks
  A redback (shapeshifter) (Vaults:5)
  A steam dragon (D:6)
  12 vampire mosquitoes
  4 harpy simulacra (IceCv)
  A warg (Vaults:5)
  A human zombie (Depths:2)
  A chaos spawn (Orc:2)
  13 swamp worms
  2 death drake simulacra (Swamp:2)
  53 nagas
  3 acid dragons
  4 hell hounds (D:15)
  13 water moccasins
  2 hydra simulacra (IceCv)
  30 orc warriors
  13 swamp drakes
  An ice beast (D:6)
  2 black bears (D:6)
  2 ettin simulacra (IceCv)
  4 laughing skulls (D:15)
  11 ogres
  12 centaurs
  17 wolves
  A phantom (D:6)
  2 earth elementals
  5 scorpions
  2 deep troll simulacra (IceCv)
  9 bullfrogs
  A glowing shapeshifter simulacrum (Depths:2)
  2 wights (Ossuary)
  A troll zombie (Swamp:1)
  A lindwurm simulacrum (IceCv)
  13 howler monkeys
  2 electric eels
  A crimson imp (Orc:2)
  2 bombardier beetles
  2 hounds
  2 jellies
  31 orc priests
  4 sleepcaps
  An iguana (D:5)
  An iron imp (Orc:2)
  27 orc wizards
  8 hell rats (Lair:5)
  Terence (D:2)
  6 adders
  9 gnolls
  8 river rats (Lair:5)
  2 shadow imps
  2 white imps
  2 ufetubi (D:5)
  3 ribbon worms
  A dart slug (D:2)
  80 orcs
  10 ball pythons
  5 endoplasms
  6 giant cockroaches
  8 goblins
  8 hobgoblins
  8 quokkas
  6 bats
  3 frilled lizards
  2 gnoll skeletons (Ossuary)
  A goblin zombie (D:4)
  7 kobolds
  6 kobold skeletons (Ossuary)
  2 orc skeletons (Ossuary)
  3 rats (D:1)
  8 aspiring fleshes
2023 creatures vanquished.

Vanquished Creatures (collateral kills)
  2 shadow dragons (Zot:1)
  A hydra (Lair:5)
  A catoblepas (Lair:5)
  A death yak (Lair:5)
  Sigmund (D:5)
  3 yaks
  A steam dragon (D:6)
  An orc warrior (Orc:1)
  A wolf (Lair:2)
  A gnoll sergeant (D:10)
  A burial acolyte (Ossuary)
  An iguana (D:6)
  An orc wizard (D:6)
  A mummy (Ossuary)
  A gnoll (D:7)
  A dart slug (D:5)
  3 orcs
  3 gnoll skeletons (Ossuary)
  A goblin zombie (D:4)
  4 kobold skeletons (Ossuary)
  3 orc skeletons (Ossuary)
33 creatures vanquished.

Vanquished Creatures (others)
  A fire giant (Depths:2)
  A draconian knight (Zot:2)
  A goliath frog (Swamp:1)
  A shadow demon (Depths:4)
  A bloated husk (Swamp:2)
  2 orcs
  17 foxfires
24 creatures vanquished.

Grand Total: 2080 creatures vanquished

Notes
Turn   | Place    | Note
-------+----------+-------------------------------------------
     0 | D:1      | Aldia the Naga Ice Elementalist began the quest for the
                  | Orb.
     0 | D:1      | Reached XP level 1. HP: 15/15 MP: 3/3
   204 | D:1      | Found a faded altar of an unknown god.
   269 | D:1      | Reached XP level 2. HP: 22/24 MP: 0/5
   860 | D:1      | Reached skill level 1 in Fighting
   900 | D:1      | Reached XP level 3. HP: 22/31 MP: 6/6
   905 | D:1      | Learned a level 3 spell: Frozen Ramparts
  1320 | D:2      | Noticed Terence
  1326 | D:2      | Killed Terence
  1327 | D:2      | Reached XP level 4. HP: 25/38 MP: 0/7
  1437 | D:2      | Learned a level 3 spell: Ozocubu's Armour
  1738 | D:2      | Reached skill level 5 in Ice Magic
  2286 | D:3      | Reached XP level 5. HP: 45/45 MP: 9/9
  3115 | D:4      | Learned a level 3 spell: Summon Ice Beast
  3180 | D:4      | Reached XP level 6. HP: 54/54 MP: 8/10
  3263 | D:4      | Reached skill level 6 in Ice Magic
  3356 | D:4      | Reached skill level 1 in Summonings
  3359 | D:4      | Found a sand-covered staircase.
  3367 | Ossuary  | Entered an ossuary
  3533 | Ossuary  | Reached XP level 7. HP: 52/61 MP: 4/12
  3732 | D:4      | Found an iron altar of Okawaru.
  3736 | D:4      | Found a stormy altar of Qazlal.
  3738 | D:4      | Found a radiant altar of Vehumet.
  3989 | D:5      | Entered Level 5 of the Dungeon
  4459 | D:5      | Noticed Sigmund
  4466 | D:5      | Killed Sigmund
  4467 | D:5      | Reached XP level 8. HP: 68/72 MP: 10/14
  4497 | D:5      | Found a staircase to the Ecumenical Temple.
  4505 | Temple   | Entered the Ecumenical Temple
  4512 | Temple   | Became a worshipper of Cheibriados the Contemplative
  4933 | D:6      | Reached skill level 1 in Invocations
  4938 | D:6      | Reached skill level 7 in Ice Magic
  5062 | D:6      | Reached skill level 5 in Spellcasting
  5116 | D:6      | Reached skill level 5 in Summonings
  5126 | D:6      | Reached * piety under Cheibriados
  5139 | D:6      | Reached XP level 9. HP: 80/80 MP: 12/16
  5215 | D:6      | Reached skill level 5 in Fighting
  6105 | D:7      | Learned a level 4 spell: Sticky Flame
  6110 | D:7      | Learned a level 4 spell: Flame Wave
  6202 | D:7      | Identified the +7 sling of Insufficient Pleasure {speed,
                  | rF+ rCorr Int+2}
  6333 | D:7      | Found Taenaho's Jewellery Boutique.
  6518 | D:7      | Reached skill level 1 in Alchemy
  6553 | D:7      | Noticed a two-headed ogre
  6567 | D:7      | Killed a two-headed ogre
  6568 | D:7      | Reached skill level 1 in Fire Magic
  6568 | D:7      | Reached skill level 5 in Invocations
  6662 | D:7      | Reached ** piety under Cheibriados
  6767 | D:7      | Found a glowing silver altar of Zin.
  7060 | D:8      | Reached XP level 10. HP: 92/92 MP: 18/18
  7310 | D:8      | Found a shimmering blue altar of Sif Muna.
  7628 | D:8      | Noticed an orange demon
  7647 | D:8      | Noticed Amaemon
  7653 | D:8      | Killed an orange demon
  7664 | D:8      | Killed Amaemon
  7991 | D:9      | Reached skill level 5 in Alchemy
  8018 | D:9      | Reached *** piety under Cheibriados
  8023 | D:9      | Noticed a two-headed ogre
  8029 | D:9      | Killed a two-headed ogre
  8030 | D:9      | Reached skill level 1 in Conjurations
  8358 | D:9      | Found Loplystick's Distillery.
  8363 | D:9      | Bought a potion of enlightenment for 75 gold pieces
  8363 | D:9      | Bought a potion of heal wounds for 75 gold pieces
  8569 | D:9      | Found the +8 arc blade {discharge, rElec}
  8815 | D:10     | Entered Level 10 of the Dungeon
  9132 | D:10     | Noticed Sonja
  9141 | D:10     | Killed Sonja
  9142 | D:10     | Reached XP level 11. HP: 100/100 MP: 12/21
  9366 | D:10     | Reached skill level 5 in Fire Magic
  9438 | D:10     | Noticed a two-headed ogre
  9442 | D:10     | Killed a two-headed ogre
  9710 | D:11     | Noticed a manticore
  9715 | D:11     | Killed a manticore
 10001 | D:11     | Reached skill level 1 in Shields
 10153 | D:11     | Learned a level 4 spell: Iskenderun's Mystic Blast
 10680 | D:11     | Reached skill level 5 in Dodging
 10680 | D:11     | Reached XP level 12. HP: 112/112 MP: 22/22
 10726 | D:11     | Reached skill level 5 in Shields
 10726 | D:11     | Reached skill level 5 in Conjurations
 11441 | D:12     | Reached **** piety under Cheibriados
 11973 | D:12     | Found a staircase to the Orcish Mines.
 12396 | D:12     | Reached skill level 1 in Translocations
 12886 | D:10     | Reached ***** piety under Cheibriados
 12887 | D:10     | Gained mutation: You can use your snake-like lower body to
                  | constrict enemies. [Naga growth]
 12887 | D:10     | Reached XP level 13. HP: 108/118 MP: 19/23
 12958 | D:10     | Found a staircase to the Lair.
 13161 | Lair:1   | Entered Level 1 of the Lair of Beasts
 13813 | Lair:1   | Found a blossoming altar of Fedhas.
 14786 | Lair:2   | Noticed Gastronok
 14813 | Lair:2   | Killed Gastronok
 14892 | Lair:2   | Found a staircase to the Swamp.
 15470 | Lair:2   | Reached skill level 10 in Invocations
 15638 | Lair:3   | Reached skill level 5 in Translocations
 15878 | Lair:3   | Found a staircase to the Snake Pit.
 16841 | Lair:4   | Reached ****** piety under Cheibriados
 16842 | Lair:4   | Reached skill level 1 in Armour
 16842 | Lair:4   | Reached XP level 14. HP: 129/129 MP: 24/24
 17034 | Lair:4   | Reached skill level 10 in Shields
 17553 | Lair:5   | Entered Level 5 of the Lair of Beasts
 17625 | Lair:5   | Reached skill level 1 in Maces & Flails
 17729 | Lair:5   | Got Performing Successful Sorcery
 18019 | Lair:5   | Reached skill level 10 in Fighting
 18149 | Lair:5   | Learned a level 5 spell: Freezing Cloud
 18314 | Lair:5   | Reached skill level 1 in Air Magic
 18856 | Lair:5   | Reached XP level 15. HP: 132/138 MP: 25/25
 19349 | Lair:5   | Found a viscous altar of Jiyva.
 19349 | Lair:5   | Found a staircase to the Slime Pits.
 19758 | Orc:1    | Entered Level 1 of the Orcish Mines
 19807 | Orc:1    | Noticed Maurice
 19814 | Orc:1    | Killed Maurice
 20173 | Orc:2    | Entered Level 2 of the Orcish Mines
 20187 | Orc:2    | Reached skill level 5 in Air Magic
 20527 | Orc:2    | Reached skill level 5 in Stealth
 20619 | Orc:2    | Found Ydeergh's Armour Shop.
 20663 | Orc:2    | Identified the +1 hat "Cawkoskol" {rElec rPois}
 20671 | Orc:2    | Learned a level 2 spell: Blink
 20793 | Orc:2    | Found Hagun's Magic Scroll Shoppe.
 20831 | Orc:2    | Found Deipiqo's General Store.
 20863 | Orc:2    | Bought a scroll of enchant weapon for 120 gold pieces
 20863 | Orc:2    | Bought a scroll of identify for 32 gold pieces
 20863 | Orc:2    | Bought a scroll of enchant armour for 120 gold pieces
 20875 | Orc:2    | Bought a potion of curing for 33 gold pieces
 20908 | Orc:2    | Reached skill level 5 in Armour
 21141 | Orc:2    | Found Wemegosu's Antique Weapon Boutique.
 21141 | Orc:2    | Found Qidotsa's Book Shop.
 21142 | Orc:2    | Found a one-way gate leading to the halls of Pandemonium.
 21392 | Orc:2    | Found a staircase to the Elven Halls.
 21663 | Orc:2    | Bought a +2 cloak of willpower for 365 gold pieces
 21967 | D:13     | Found a blossoming altar of Fedhas.
 21988 | D:13     | Identified the +3 ring mail of Youthful Indiscretion {Str-3
                  | Int+6 Dex+3}
 22282 | D:13     | You fall into a shaft and drop 1 floor!
 22547 | D:14     | Noticed Lodul
 22552 | D:14     | Killed Lodul
 22553 | D:14     | Reached skill level 5 in Maces & Flails
 22575 | D:14     | Reached XP level 16. HP: 61/146 MP: 26/26
 22583 | D:14     | Noticed Louise
 22793 | D:13     | Identified a scroll of acquirement
 22794 | D:13     | Acquired a book of Ice
 23215 | D:14     | Found a gate to the Vaults.
 23311 | D:14     | Killed Louise
 23553 | D:14     | Found the +8 pair of quick blades "Gyre" and "Gimble"
                  | {protect}
 23596 | D:14     | Noticed Rupert
 23606 | D:14     | Killed Rupert
 23971 | D:15     | Entered Level 15 of the Dungeon
 24702 | D:15     | Reached skill level 8 in Ice Magic
 24946 | D:15     | Noticed Azrael
 24950 | D:15     | HP: 2/146 [Azrael/damnation (39)]
 25331 | D:15     | Killed Azrael
 25746 | D:15     | Found a staircase to the Depths.
 26179 | Snake:1  | Entered Level 1 of the Snake Pit
 26656 | Snake:1  | Identified the serpent talisman of the Blind Marksman
                  | {rElec rF- Str+6}
 26656 | Snake:1  | Noticed Aizul
 26668 | Snake:1  | Killed Aizul
 27564 | Snake:2  | Learned a level 7 spell: Ozocubu's Refrigeration
 27587 | Snake:2  | Found a glacial archway.
 27668 | IceCv    | Entered an ice cave
 27764 | IceCv    | Reached skill level 9 in Ice Magic
 27936 | IceCv    | Reached XP level 17. HP: 134/153 MP: 29/29
 28075 | IceCv    | Found an ancient bone altar of Kikubaaqudgha.
 28176 | IceCv    | Noticed a lich
 28182 | IceCv    | Killed a lich
 28183 | IceCv    | Reached skill level 10 in Ice Magic
 28369 | IceCv    | Identified the ring "Xuskir" {rF- rC+ rN+ Str+5}
 28693 | Snake:1  | Upgraded the game from 0.32-a0-520-g344ed53f66 to
                  | 0.32-a0-540-g866d13106e
 28769 | Snake:2  | Found Malono's Magic Scroll Boutique.
 28769 | Snake:2  | Found Hoacvoto's Armour Shop.
 28773 | Snake:2  | Found Pios's Book Boutique.
 28779 | Snake:2  | Bought a +0 pair of gloves for 72 gold pieces
 28807 | Snake:2  | Bought a scroll of teleportation for 51 gold pieces
 28807 | Snake:2  | Bought a scroll of teleportation for 51 gold pieces
 28807 | Snake:2  | Bought a scroll of fear for 68 gold pieces
 28824 | Snake:2  | Reached skill level 11 in Ice Magic
 28895 | Snake:2  | Found a sacrificial altar of Ru.
 30196 | Snake:3  | Reached skill level 12 in Ice Magic
 31270 | Snake:4  | Entered Level 4 of the Snake Pit
 31270 | Snake:4  | Found Buecvof's Weapon Shoppe.
 31270 | Snake:4  | Found Raenag's Antique Weapon Shoppe.
 31286 | Snake:4  | Found Evungydgh's Weapon Shop.
 31867 | Snake:4  | Reached skill level 13 in Ice Magic
 31867 | Snake:4  | Reached XP level 18. HP: 129/162 MP: 15/31
 32012 | Snake:4  | Found Qatzywn's Assorted Antiques.
 32020 | Snake:4  | Bought a scroll labelled PIOXUIK PALAFF for 29 gold pieces
 32026 | Snake:4  | Bought a scroll of enchant weapon for 217 gold pieces
 32333 | Snake:4  | Reached skill level 10 in Spellcasting
 32396 | Snake:4  | Noticed Vashnia
 32426 | Snake:4  | Killed Vashnia
 32810 | Snake:4  | Reached skill level 14 in Ice Magic
 32930 | Snake:4  | Got a serpentine rune of Zot
 33373 | Snake:4  | Found Balua's Jewellery Shop.
 33380 | Snake:4  | Bought the ring "Juthryzusk" {*Corrode rF+ Str+6 Dex+3} for
                  | 760 gold pieces
 33756 | Swamp:1  | Entered Level 1 of the Swamp
 34299 | Swamp:1  | Noticed Nikola
 34304 | Swamp:1  | Killed Nikola
 34714 | Swamp:2  | Reached skill level 15 in Ice Magic
 34858 | Swamp:2  | Reached XP level 19. HP: 129/172 MP: 29/34
 34962 | Swamp:2  | Found a runed translucent gate.
 34962 | Swamp:2  | Found a runed translucent gate.
 34962 | Swamp:2  | Found a runed translucent gate.
 34963 | Swamp:2  | Noticed Jij Eziczi's ghost (journeyman DgAl)
 35000 | Swamp:2  | Killed Jij Eziczi's ghost
 35021 | Swamp:2  | Reached XP level 20. HP: 183/183 MP: 36/36
 35022 | Swamp:2  | Reached XP level 21. HP: 192/192 MP: 37/37
 35067 | Swamp:2  | Noticed Mlioglotl
 35087 | Swamp:2  | Killed Mlioglotl
 35195 | Swamp:2  | Noticed Roxanne
 35545 | Swamp:3  | Found a blossoming altar of Fedhas.
 36261 | Swamp:4  | Entered Level 4 of the Swamp
 37098 | Swamp:4  | Got a decaying rune of Zot
 37470 | Snake:2  | Bought a book of Cantrips for 240 gold pieces
 37470 | Snake:2  | Bought Great Wizards, Vol. VII for 450 gold pieces
 37472 | Snake:2  | Learned a level 1 spell: Apportation
 37477 | Snake:2  | Learned a level 4 spell: Passage of Golubria
 37483 | Snake:2  | Learned a level 5 spell: Yara's Violent Unravelling
 37942 | Elf:1    | Entered Level 1 of the Elven Halls
 37954 | Elf:1    | Reached skill level 10 in Maces & Flails
 37954 | Elf:1    | Reached skill level 1 in Hexes
 38880 | Elf:1    | Found Veuvalin's Magic Scroll Shoppe.
 38888 | Elf:1    | Bought a scroll of blinking for 127 gold pieces
 38888 | Elf:1    | Bought 2 scrolls of blinking for 255 gold pieces
 38914 | Elf:1    | Found Olemer's Antique Weapon Boutique.
 38938 | Elf:1    | Found Xoicsos's Antique Weapon Emporium.
 39079 | Elf:1    | Got the Almanac of the Gathering
 39194 | Elf:1    | Reached XP level 22. HP: 148/205 MP: 39/39
 39299 | Elf:1    | Paralysed by an air elemental for 1 turns
 39524 | Elf:1    | Found Sizoytzual's General Store.
 39525 | Elf:1    | Found Weirenn's Assorted Antiques.
 39863 | Elf:1    | Found Qenguel's Jewellery Shop.
 39863 | Elf:1    | Found Bukuanij's Book Emporium.
 39864 | Elf:1    | Found Turhem's Book Emporium.
 39873 | Elf:1    | Bought a book of the Warp for 546 gold pieces
 39993 | Elf:2    | Acquired the +3 pair of gauntlets of War {Slay+5}
 39993 | Elf:2    | Found the +3 pair of gauntlets of War {Slay+5}
 40341 | Elf:2    | Paralysed by an air elemental for 1 turns
 40658 | Elf:2    | Found a huge runed translucent gate.
 40658 | Elf:2    | Found a huge runed translucent gate.
 40658 | Elf:2    | Found a huge runed translucent gate.
 40658 | Elf:2    | Found a huge runed translucent gate.
 40659 | Elf:2    | Found a huge runed translucent gate.
 41024 | Elf:3    | Entered Level 3 of the Elven Halls
 42045 | Vaults:1 | Entered Level 1 of the Vaults
 42307 | Vaults:1 | Reached skill level 15 in Fighting
 42355 | Vaults:1 | Found Weoxosk's Weapon Emporium.
 43884 | Vaults:2 | Got the Guidebook on Contaminated Firn
 44302 | Vaults:3 | Reached skill level 15 in Spellcasting
 44379 | Vaults:3 | Learned a level 9 spell: Polar Vortex
 45002 | Vaults:3 | Reached XP level 23. HP: 220/220 MP: 42/42
 45236 | Vaults:3 | You fall into a shaft and drop 1 floor!
 45287 | Vaults:4 | Noticed Jory
 45302 | Vaults:4 | Killed Jory
 45659 | Vaults:4 | Noticed Mennas
 45827 | Vaults:4 | Killed Mennas
 45828 | Vaults:4 | Reached skill level 16 in Ice Magic
 45875 | Vaults:4 | Noticed Margery
 45883 | Vaults:4 | Killed Margery
 45946 | Vaults:4 | Learned a level 6 spell: Dispersal
 46287 | Vaults:3 | Found a staircase to the Crypt.
 47424 | Vaults:4 | Identified the +8 chain mail of the Delicate Amoeba {Will+
                  | rCorr}
 48543 | Depths:1 | Entered Level 1 of the Depths
 48768 | Depths:1 | Noticed Norris
 48778 | Depths:1 | Killed Norris
 48995 | Depths:1 | Noticed Bai Suzhen
 49086 | Depths:1 | Killed Bai Suzhen
 49221 | Depths:1 | Reached XP level 24. HP: 210/234 MP: 34/43
 49682 | Depths:1 | Found a gateway to Hell.
 49992 | Depths:2 | Found a one-way gateway to a ziggurat.
 49995 | Depths:2 | Noticed Sojobo
 50001 | Depths:2 | Paralysed by an air elemental for 1 turns
 50003 | Depths:2 | Killed Sojobo
 50004 | Depths:2 | Reached skill level 1 in Evocations
 50077 | Depths:2 | Identified the ring "Nuafu" {Ice Int-2 Dex+3}
 50077 | Depths:2 | Noticed Josephina
 50321 | Depths:2 | Identified the +1 halberd "Lytacy" {antimagic, Str+3 Int+5}
 51197 | Depths:2 | Noticed a juggernaut
 51202 | Depths:2 | Killed a juggernaut
 51203 | Depths:2 | Reached skill level 10 in Translocations
 51267 | Depths:2 | Noticed a juggernaut
 51275 | Depths:2 | Killed Josephina
 51277 | Depths:2 | Killed a juggernaut
 51278 | Depths:2 | Reached skill level 1 in Staves
 51392 | Depths:2 | Noticed a juggernaut
 51450 | Depths:2 | Killed a juggernaut
 51579 | Depths:2 | Noticed an ancient lich
 51587 | Depths:2 | Noticed an ancient lich
 51994 | Depths:2 | Killed an ancient lich
 52225 | Depths:2 | Killed an ancient lich
 52308 | Depths:2 | Identified the ring "Jiatol" {rPois rF+ rN+}
 52328 | Depths:2 | Noticed Mara
 52336 | Depths:2 | Killed Mara
 52422 | Depths:2 | Found a candlelit altar of Ignis.
 52446 | Depths:2 | Identified the +4 fire dragon scales "Dobehure" {rF++ rC-
                  | Int+6 Dex+3 Stlth+}
 52816 | Depths:3 | Reached skill level 5 in Evocations
 53155 | Depths:3 | Found a one-way gate to the infinite horrors of the Abyss.
 53202 | Depths:3 | Found a transporter.
 53208 | Depths:3 | Found a transporter.
 53209 | Depths:3 | Found a transporter.
 53434 | Depths:3 | Found a transporter.
 54823 | Depths:4 | Entered Level 4 of the Depths
 54838 | Depths:4 | Reached XP level 25. HP: 158/244 MP: 43/43
 54999 | Depths:4 | Found a runed translucent gate.
 55000 | Depths:4 | Found a runed translucent gate.
 55000 | Depths:4 | Found a runed translucent gate.
 55001 | Depths:4 | Noticed Soteoser's ghost (veteran MiBe)
 55002 | Depths:4 | Noticed Ciogh's ghost (veteran GnWn)
 55002 | Depths:4 | Noticed Oxzi's ghost (adept DEHW)
 55034 | Depths:4 | Identified the +2 dagger of Fekytotikk {venom, Int+6}
 55214 | Depths:4 | Noticed a juggernaut
 55220 | Depths:4 | Killed a juggernaut
 55221 | Depths:4 | Reached skill level 17 in Ice Magic
 56031 | Depths:4 | Reached skill level 5 in Staves
 56043 | Depths:4 | Reached skill level 10 in Armour
 57809 | Depths:4 | Identified the ring of Ephyf {rF- Will++ Str+2 Int+6}
 58061 | Depths:4 | Reached skill level 18 in Ice Magic
 58265 | Depths:4 | Found a gate to the Realm of Zot.
 59149 | Vaults:5 | Entered Level 5 of the Vaults
 59190 | Vaults:5 | Reached XP level 26. HP: 87/253 MP: 1/45
 59501 | Vaults:5 | Reached skill level 19 in Ice Magic
 59515 | Vaults:5 | Identified the +4 sling of the Nurturing Fool {elec, Int+3}
 59561 | Vaults:5 | Noticed an ancient lich
 59567 | Vaults:5 | Killed an ancient lich
 59579 | Vaults:5 | Gained mutation: Your magical capacity is low. (-10% MP) [a
                  | shining eye]
 59580 | Vaults:5 | Gained mutation: You are frail. (-10% HP) [a shining eye]
 59608 | Vaults:5 | Lost mutation: Your magical capacity is low. (-10% MP)
                  | [potion of mutation]
 59608 | Vaults:5 | Lost mutation: You are frail. (-10% HP) [potion of
                  | mutation]
 59608 | Vaults:5 | Gained mutation: You are partially covered in iridescent
                  | scales. (AC +2) [potion of mutation]
 59608 | Vaults:5 | Gained mutation: You are strong-willed. (Will+) [potion of
                  | mutation]
 59608 | Vaults:5 | Gained mutation: You are occasionally teleported next to
                  | monsters. [potion of mutation]
 59608 | Vaults:5 | Gained mutation: Your flesh is cold resistant. (rC+)
                  | [potion of mutation]
 59609 | Vaults:5 | Lost mutation: You are strong-willed. (Will+) [potion of
                  | mutation]
 59609 | Vaults:5 | Lost mutation: Your flesh is cold resistant. (rC+) [potion
                  | of mutation]
 59609 | Vaults:5 | Lost mutation: You are partially covered in iridescent
                  | scales. (AC +2) [potion of mutation]
 59609 | Vaults:5 | Gained mutation: You have a pair of small horns on your
                  | head. [potion of mutation]
 59609 | Vaults:5 | Gained mutation: Your muscles are strong. (Str +4, Int/Dex
                  | -1) [potion of mutation]
 59609 | Vaults:5 | Gained mutation: Your tail ends in a venomous barb. [potion
                  | of mutation]
 59609 | Vaults:5 | Gained mutation: Your mind is acute. (Int +4, Str/Dex -1)
                  | [potion of mutation]
 59610 | Vaults:5 | Lost mutation: You are occasionally teleported next to
                  | monsters. [potion of mutation]
 59610 | Vaults:5 | Lost mutation: You have a pair of small horns on your head.
                  | [potion of mutation]
 59610 | Vaults:5 | Lost mutation: Your muscles are strong. (Str +4, Int/Dex
                  | -1) [potion of mutation]
 59610 | Vaults:5 | Gained mutation: You have a pair of small antennae on your
                  | head. [potion of mutation]
 59610 | Vaults:5 | Gained mutation: Your muscles are strong. (Str +4, Int/Dex
                  | -1) [potion of mutation]
 59854 | Vaults:5 | Got the Omnibus of the Lonely Leylines
 60137 | Vaults:5 | Noticed a dread lich
 60152 | Vaults:5 | Killed a dread lich
 60178 | Vaults:5 | Noticed an ancient lich
 60188 | Vaults:5 | Killed an ancient lich
 60199 | Vaults:5 | Found Lofu's Distillery.
 60211 | Vaults:5 | Bought a potion of curing for 45 gold pieces
 60211 | Vaults:5 | Bought a potion of heal wounds for 75 gold pieces
 60211 | Vaults:5 | Bought a potion of mutation for 120 gold pieces
 60211 | Vaults:5 | Bought a potion of ambrosia for 120 gold pieces
 60549 | Vaults:5 | Got a silver rune of Zot
 60562 | Vaults:5 | Found Nimm's Distillery.
 60570 | Vaults:5 | Noticed an ancient lich
 60574 | Vaults:5 | Reached skill level 20 in Ice Magic
 60579 | Vaults:5 | Bought a potion of brilliance for 52 gold pieces
 60579 | Vaults:5 | Bought a potion of mutation for 104 gold pieces
 60579 | Vaults:5 | Bought a potion of curing for 39 gold pieces
 60579 | Vaults:5 | Bought a potion of curing for 39 gold pieces
 60587 | Vaults:5 | Found Daari's Magic Scroll Boutique.
 60591 | Vaults:5 | Bought a scroll of blinking for 105 gold pieces
 60591 | Vaults:5 | Bought a scroll of fog for 56 gold pieces
 60605 | Vaults:5 | Found Xautin's Distillery.
 60605 | Vaults:5 | Found Koff's Magic Scroll Emporium.
 60622 | Vaults:5 | Found Uplimaos's Distillery.
 60623 | Vaults:5 | Bought a scroll of acquirement for 676 gold pieces
 60623 | Vaults:5 | Bought a scroll of revelation for 97 gold pieces
 60623 | Vaults:5 | Bought a scroll of blinking for 97 gold pieces
 60627 | Vaults:5 | Acquired 411 gold pieces
 60636 | Vaults:5 | Bought 2 potions of brilliance for 104 gold pieces
 60636 | Vaults:5 | Bought a potion of resistance for 130 gold pieces
 60815 | Vaults:5 | Killed an ancient lich
 61179 | Vaults:5 | Identified the +7 flail of the Healing Gods {flame, rElec
                  | rPois Str-4}
 61179 | Vaults:5 | Identified the ring "Ypudel" {rN+ SInv}
 61504 | Vaults:5 | Identified the staff of Sunlight {^Drain rPois Will+ Stlth+
                  | Summ Alchemy}
 61553 | Vaults:5 | Noticed a dread lich
 61555 | Vaults:5 | Identified the ring "Oniel" {rF+ Dex+3}
 61567 | Vaults:5 | Killed a dread lich
 61917 | Vaults:5 | Identified the +3 ring mail of Zice {rN+ Str+6 Dex+3}
 61934 | Vaults:5 | Got Uceke's Tome of Austromancy and Rime
 61942 | Vaults:5 | Learned a level 6 spell: Sculpt Simulacrum
 62070 | Vaults:5 | Bought a scroll of fog for 52 gold pieces
 62077 | Vaults:5 | Bought a potion of curing for 42 gold pieces
 62077 | Vaults:5 | Bought a potion of curing for 42 gold pieces
 62077 | Vaults:5 | Bought a potion of curing for 42 gold pieces
 62077 | Vaults:5 | Bought a potion of curing for 42 gold pieces
 62094 | Vaults:5 | Bought 2 potions of cancellation for 208 gold pieces
 62105 | Vaults:5 | Bought a scroll of amnesia for 56 gold pieces
 62105 | Vaults:5 | Bought a scroll of butterflies for 56 gold pieces
 62119 | Vaults:5 | Bought a potion of might for 60 gold pieces
 62501 | Zot:1    | Entered Level 1 of the Realm of Zot
 62585 | Zot:1    | Reached skill level 21 in Ice Magic
 62849 | Zot:1    | Noticed an orb of fire
 62849 | Zot:1    | Noticed a Killer Klown
 63556 | Zot:1    | Reached XP level 27. HP: 241/261 MP: 39/45
 63562 | Zot:1    | Gained mutation: Your spells are a little easier to cast,
                  | but a little less powerful. [an orb of fire]
 63565 | Zot:1    | Killed an orb of fire
 64307 | Zot:2    | Reached skill level 22 in Ice Magic
 64572 | Zot:2    | Got the Papyrus of the Iliaster and the Band
 67761 | Zot:4    | Noticed an orb of fire
 67772 | Zot:4    | Gained mutation: You are frail. (-10% HP) [an orb of fire]
 67774 | Zot:4    | Killed an orb of fire
 68107 | Zot:5    | Entered Level 5 of the Realm of Zot
 68876 | Zot:5    | Reached skill level 23 in Ice Magic
 69197 | Zot:5    | Noticed an orb of fire
 69203 | Zot:5    | Killed an orb of fire
 69503 | Zot:5    | Noticed a dread lich
 69511 | Zot:5    | Killed a dread lich
 69653 | Zot:5    | Noticed an ancient lich
 69660 | Zot:5    | Killed an ancient lich
 69661 | Zot:5    | Noticed an orb of fire
 69661 | Zot:5    | Lost mutation: You are frail. (-10% HP) [an orb of fire]
 69668 | Zot:5    | Gained mutation: You occasionally lose the ability to read
                  | scrolls when taking damage. [an orb of fire]
 69669 | Zot:5    | Killed an orb of fire
 69776 | Zot:5    | Lost mutation: Your tail ends in a venomous barb. [potion
                  | of mutation]
 69776 | Zot:5    | Lost mutation: Your mind is acute. (Int +4, Str/Dex -1)
                  | [potion of mutation]
 69776 | Zot:5    | Gained mutation: Your health recovers twice as slowly from
                  | being drained. [potion of mutation]
 69776 | Zot:5    | Lost mutation: You have a pair of small antennae on your
                  | head. [potion of mutation]
 69776 | Zot:5    | Gained mutation: You are strong-willed. (Will+) [potion of
                  | mutation]
 69777 | Zot:5    | Lost mutation: You are strong-willed. (Will+) [potion of
                  | mutation]
 69777 | Zot:5    | Lost mutation: You occasionally lose the ability to read
                  | scrolls when taking damage. [potion of mutation]
 69777 | Zot:5    | Gained mutation: You occasionally lose the ability to read
                  | scrolls when taking damage. [potion of mutation]
 69777 | Zot:5    | Gained mutation: Your body sometimes deteriorates upon
                  | taking damage. [potion of mutation]
 69777 | Zot:5    | Gained mutation: You have sharp fingernails. [potion of
                  | mutation]
 69777 | Zot:5    | Gained mutation: You are robust. (+10% HP) [potion of
                  | mutation]
 69778 | Zot:5    | Lost mutation: Your health recovers twice as slowly from
                  | being drained. [potion of mutation]
 69778 | Zot:5    | Lost mutation: You are robust. (+10% HP) [potion of
                  | mutation]
 69778 | Zot:5    | Gained mutation: Your flesh is cold resistant. (rC+)
                  | [potion of mutation]
 69778 | Zot:5    | Gained mutation: You passively map a small area around you.
                  | [potion of mutation]
 69779 | Zot:5    | Lost mutation: You have sharp fingernails. [potion of
                  | mutation]
 69779 | Zot:5    | Lost mutation: Your muscles are strong. (Str +4, Int/Dex
                  | -1) [potion of mutation]
 69779 | Zot:5    | Lost mutation: You passively map a small area around you.
                  | [potion of mutation]
 69779 | Zot:5    | Gained mutation: You have a pair of small horns on your
                  | head. [potion of mutation]
 69779 | Zot:5    | Lost mutation: You have a pair of small horns on your head.
                  | [potion of mutation]
 69779 | Zot:5    | Gained mutation: Your movements are slightly less
                  | encumbered by armour. (ER -2) [potion of mutation]
 69780 | Zot:5    | Lost mutation: You occasionally lose the ability to read
                  | scrolls when taking damage. [potion of mutation]
 69780 | Zot:5    | Lost mutation: Your body sometimes deteriorates upon taking
                  | damage. [potion of mutation]
 69780 | Zot:5    | Gained mutation: You are occasionally teleported next to
                  | monsters. [potion of mutation]
 69781 | Zot:5    | Lost mutation: Your movements are slightly less encumbered
                  | by armour. (ER -2) [potion of mutation]
 69781 | Zot:5    | Lost mutation: Your flesh is cold resistant. (rC+) [potion
                  | of mutation]
 69781 | Zot:5    | Gained mutation: You are partially covered in large bone
                  | plates. (SH +4) [potion of mutation]
 69781 | Zot:5    | Gained mutation: You can exhale a cloud of poison. [potion
                  | of mutation]
 69782 | Zot:5    | Lost mutation: You are partially covered in large bone
                  | plates. (SH +4) [potion of mutation]
 69782 | Zot:5    | Lost mutation: Your spells are a little easier to cast, but
                  | a little less powerful. [potion of mutation]
 69782 | Zot:5    | Lost mutation: You are occasionally teleported next to
                  | monsters. [potion of mutation]
 69782 | Zot:5    | Gained mutation: You have a pair of small antennae on your
                  | head. [potion of mutation]
 69782 | Zot:5    | Gained mutation: You are somewhat resistant to further
                  | mutation. [potion of mutation]
 69920 | Zot:5    | Got the Orb of Zot
 70017 | Zot:3    | Noticed Nops the pandemonium lord
 70275 | D:15     | Noticed Nabihi the pandemonium lord
 70429 | D:12     | Noticed Nylof the pandemonium lord
 70434 | Abyss:5  | Cast into level 5 of the Abyss (Nylof)
 70486 | Abyss:5  | Found a corrupted altar of Lugonu.
 70489 | D:12     | Escaped the Abyss
 70736 | D:$      | Escaped with the Orb!

Illustrated notes

Levels and vault maps discovered:
D:1:      roderic_crossed_star, layout_basic,
          shapermc_ecumenical_altar_starsandcircs, minmay_worlds_worst_comb
D:2:      kennysheep_six_static_rooms, layout_basic, hangedman_decor_push,
          uniq_terence
D:3:      layout_rooms, minmay_stone_trees_medium, minmay_misc_feat_x
D:4:      layout_cave_pools, gammafunk_temple_overflow_forgotten,
          enter_ossuary_4, sigmund_army
D:5:      layout_loops_ring, minmay_temple_entry_offerings, grunt_ministairs_1,
          uniq_sigmund
D:6:      layout_layer_cave, serial_glass, glass_columns_b, glass_columns_a
D:7:      layout_gridville, zin_scriptorium, serial_shops, shop
D:8:      layout_basic, amcnicky_altar_gilded, amcnicky_mini_corridor_feature,
          patterned_corridor, uniq_amaemon
D:9:      layout_gridville, serial_shops, nicolae_shop_just_a_little_nook
D:10:     layout_basic, erik_lair_dragon, uniq_sonja
D:11:     layout_irregular_city
D:12:     layout_loops_corners, orc_david_3
D:13:     layout_roguey, minmay_misc_feat_room, grunt_ministairs_7,
          fedhas_altar_2
D:14:     layout_basic, skrybe_vaults_entry_preservation,
          minmay_misc_feat_doors, kennysheep_generic_room_14, uniq_lodul,
          uniq_louise, uniq_rupert
D:15:     gammafunk_enter_depths_forms, layout_loops_corners,
          chequers_serial_rivers_marsh, uniq_azrael
Temple:   sentei_temple_godly_chess
Lair:1:   layout_layer_cave, basic_altar, grunt_megastairs_3
Lair:2:   layout_long_grid, mainiacjoe_swamp_entry_lozenge_pond,
          serial_bayou_pond_e, grunt_forest_small_clearing_treed,
          lemuel_fruit_tree, infiniplex_staircase_pool_2, uniq_gastronok
Lair:3:   layout_cave_shapes, alex1729_snake_entry_snake, lemuel_fruit_fields,
          serial_bayou_shore_a
Lair:4:   layout_gridlike, lemuel_fruit_fields
Lair:5:   evilmike_catoblepas_cave, layout_regular_city,
          dpeg_slime_entry_enclosed, pdpol_lair_neglected_garden,
          kennysheep_rathole
Swamp:1:  layout_basic_swamp, nicolae_swamp_some_circles, swamp_pool_4,
          cheibrodos_swamp_minitomb, uniq_nikola
Swamp:2:  layout_basic_swamp, gammafunk_ghost_necromancy, hangedman_swamp_pad,
          nicolae_swamp_bunyip_nook, uniq_mlioglotl, uniq_roxanne
Swamp:3:  layout_basic_swamp, nicolae_swamp_godswood, swamp_pool_1_2,
          nicolae_swamp_fairy_circle
Swamp:4:  swamp_basic_johnstein, layout_basic_swamp, nicolae_swamp_tree_isthmus
Snake:1:  layout_grid_maze, serial_bayou_shore_b, uniq_aizul
Snake:2:  layout_honeycomb, basic_altar, portal_ice_cave_entry_ice_statue_one,
          nrook_guardian_serpent_ordinary, minmay_shop_star
Snake:3:  layout_onion, serial_library_hellmonk_small_corner
Snake:4:  johnstein_snake_rune_scales, layout_grid_maze, serial_shops,
          shop_fountains, shop_fountains, shop, shop,
          nicolae_shop_advertising_works [nicolae_subvault_shop_adworks]
Orc:1:    layout_diamond_mine, uniq_maurice
Orc:2:    pf_orc_diabolical, layout_diamond_mine, serial_shops,
          nicolae_diamond_shop, hangedman_minor_magic
Elf:1:    minmay_elf_arrival_summoners, layout_loops_corners, serial_shops,
          nicolae_shop_tiny_glass, nicolae_shop_tiny_real_fake_doors,
          nicolae_shop_behind_doors, shop_statue, shop, minmay_elf_demonology,
          minmay_shop_grove
Elf:2:    elven_hall_of_blades_hangedman_alternative
          [nicolae_blade_little_rooms], layout_geoelf_octagon
Elf:3:    minmay_elf_hall_not_hex, layout_loops_ring, grunt_megastairs_4
Vaults:1: vaults_dpeg_doors, nicolae_vaults_ellipses_ellipsis,
          ontoclasm_vaults_gateway, nicolae_vaults_little_squares_5,
          nicolae_vaults_diamond_1, ontoclasm_vaults_idyll,
          ontoclasm_vaults_chip, hangedman_vaults_restitches,
          nicolae_vaults_two_Ls, layout_vaults_big_room, serial_shops,
          nicolae_shop_bloodbath_and_beyond
Vaults:2: ontoclasm_vaults_chip, nicolae_vaults_closet_pinwheel_3, v_pattern_2,
          nicolae_vaults_shelves_hall, vaults_dpeg_ring,
          vaults_room_stairs_pillars, vaults_room_corners, v_misc_10,
          vaults_room_door_hall, layout_vaults_omnigrid
Vaults:3: grunt_vaults_twisty, minmay_crypt_entry_vampire_xt, v_rooms_5,
          v_misc_12, nicolae_vaults_murderbox, v_alt_pattern_4,
          ontoclasm_vaults_bender, vaults_room_door_ring, vaults_room_door_ring,
          nicolae_vaults_closet_pinwheel_1, hangedman_vaults_capsules,
          layout_vaults_omnibox
Vaults:4: ontoclasm_vaults_pinch, nicolae_vaults_octothorpe,
          vaults_room_fancy_cross, v_pattern_3, ontoclasm_vaults_fault,
          v_misc_12, ontoclasm_vaults_loading_screen, vaults_mumra_minichess,
          nicolae_vaults_closet_pinwheel_6, nicolae_vaults_wine_cellar,
          nicolae_vaults_stepped_doors, layout_vaults_maze_bifur, uniq_mennas,
          uniq_margery, uniq_jory
Vaults:5
Depths:1: layout_cave_pools, grunt_hell_entry_dis_old, rand_demon_pan_entry_3,
          grunt_ministairs_4, lightli_corner_chamber, uniq_bai_suzhen,
          uniq_norris
Depths:2: regret_index_infernal_bastille, layout_gridlike, enter_ziggurat_a,
          rand_demon_pan_entry_8, minivault_14, lightli_too_deep,
          infiniplex_staircase_zigzag_5, uniq_sojobo, uniq_mara, uniq_josephina
Depths:3: kennysheep_windowed_halls, layout_cave_pools,
          nicolae_kite_square_tiling_tiny, pf_hell_entry_tar_river,
          abyss_entry_crystal, nicolae_transporter_circle
Depths:4: lemuel_castle_with_subvaults [lemuel_castle_interior_original],
          layout_honeycomb, abyss_entry, hell_entry, rand_demon_pan_entry_5,
          gammafunk_ghost_cemetery, corexii_corridor_pit, minmay_starry_boxes
Zot:1:    kennysheep_oblong_rooms, layout_gridlike,
          regret_index_zotdec_silver_v_v_orig_slice
Zot:2:    layout_basic, grunt_megastairs_2
Zot:3:    layout_basic
Zot:4:    layout_basic
Zot:5:    layout_basic, kennysheep_underground_church

Skill      XL: |  1  2  3  4  5  6  7  8  9 10 11 12 13 14 15 16 17 18 19 20 21 22 23 24 25 26 27 |
---------------+----------------------------------------------------------------------------------+-----
Fighting       | 1 2 3 4 6 7 8 9 10 11 12 13 16 17 18 19 | 19.5
Ice Magic      | 5 6 7 9 13 15 16 18 21 23 | 23.0
Spellcasting   | 3 4 5 6 7 8 9 11 12 13 15 16 18 20 | 20.0
Dodging        | 2 3 5 6 7 |  7.0
Summonings     | 1 4 5 |  5.0
Invocations    | 2 5 7 8 10 11 12 13 | 13.0
Alchemy        | 3 5 6 7 |  7.0
Fire Magic     | 2 4 6 |  6.0
Conjurations   | 2 4 6 7 |  7.0
Shields        | 4 6 9 10 12 13 | 13.7
Translocations | 1 5 8 10 | 10.0
Armour         | 1 4 6 7 8 9 11 13 | 13.6
Maces & Flails | 3 5 7 10 | 10.8
Air Magic      | 4 7 |  7.0
Stealth        | 5 |  5.0
Hexes          | 3 4 |  4.0
Evocations     | 5 |  5.0
Staves         | 3 5 |  5.6

Action                     |  1- 3 |  4- 6 |  7- 9 | 10-12 | 13-15 | 16-18 | 19-21 | 22-24 | 25-27 || total
---------------------------+-------+-------+-------+-------+-------+-------+-------+-------+-------++-------
  Melee: Dagger            |    19 |    23 |    22 |    20 |       |       |       |       |       ||    84
         Spear             |       |     3 |       |       |       |       |       |       |       ||     3
         Hand axe          |       |    25 |    10 |       |       |       |       |       |       ||    35
         Short sword       |       |       |   107 |       |       |       |       |       |       ||   107
         Demon whip        |       |       |       |   122 |   470 |   574 |   190 |   533 |   105 ||  1994
         Rapier            |       |       |       |    44 |    48 |       |       |       |       ||    92
         Constrict         |       |       |       |       |   153 |   146 |    31 |   122 |   105 ||   557
         Staff             |       |       |       |       |       |       |       |   226 |   648 ||   874
   Cast: Freeze            |    22 |    48 |    51 |    16 |       |       |       |       |       ||   137
         Frozen Ramparts   |     1 |     5 |    23 |    18 |    15 |     8 |       |       |       ||    70
         Ozocubu's Armour  |       |     4 |    10 |     5 |     3 |     3 |       |     1 |     2 ||    28
         Summon Ice Beast  |       |     6 |    14 |     9 |     8 |     2 |       |       |       ||    39
         Sticky Flame      |       |       |       |    20 |    30 |    15 |       |     3 |     7 ||    75
         Flame Wave        |       |       |       |     7 |    36 |    19 |       |       |     1 ||    63
         Iskenderun's Myst |       |       |       |       |     1 |       |       |       |       ||     1
         Freezing Cloud    |       |       |       |       |     3 |     9 |       |     2 |       ||    14
         Ozocubu's Refrige |       |       |       |       |       |   108 |   106 |   330 |   476 ||  1020
         Yara's Violent Un |       |       |       |       |       |       |       |     7 |    18 ||    25
         Dispersal         |       |       |       |       |       |       |       |     1 |    16 ||    17
         Blink             |       |       |       |       |       |       |       |     1 |     2 ||     3
         Polar Vortex      |       |       |       |       |       |       |       |       |    18 ||    18
         Sculpt Simulacrum |       |       |       |       |       |       |       |       |     2 ||     2
         Apportation       |       |       |       |       |       |       |       |       |     1 ||     1
 Invoke: Bend Time         |       |       |       |     1 |       |       |       |     1 |     2 ||     4
         Slouch            |       |       |       |       |    12 |     7 |     6 |    20 |    12 ||    57
         Step From Time    |       |       |       |       |       |     1 |       |       |     2 ||     3
         Temporal Distorti |       |       |       |       |       |     1 |       |       |       ||     1
Ability: Spit Poison       |    18 |    17 |    34 |    13 |    15 |     7 |       |     3 |       ||   107
  Evoke: Wand              |       |       |       |     1 |     1 |     3 |       |     2 |     2 ||     9
         Lightning rod     |       |       |       |       |       |       |       |     3 |       ||     3
         Sack of spiders   |       |       |       |       |       |       |       |     1 |       ||     1
    Use: Scroll            |       |     8 |     7 |    17 |     8 |    13 |     1 |     7 |    20 ||    81
         Potion            |       |       |       |     2 |     1 |     7 |     3 |     4 |    30 ||    47
   Stab: Sleeping          |     3 |     2 |     2 |     5 |    11 |    11 |     4 |    18 |     7 ||    63
         Distracted        |       |       |     1 |       |     2 |     3 |     5 |     2 |     2 ||    15
 Armour: Robe              |    28 |    54 |   146 |       |    88 |   647 |   192 |   456 |       ||  1611
         Acid dragon scale |       |       |    51 |    60 |       |       |       |       |       ||   111
         Leather armour    |       |       |       |   188 |   463 |       |       |       |       ||   651
         Fire dragon scale |       |       |       |       |       |       |       |   167 |  1055 ||  1222
  Dodge: Dodged            |    22 |    60 |    99 |   121 |   249 |   302 |    96 |   236 |   324 ||  1509
         Repelled          |       |     1 |     2 |     3 |     5 |     6 |       |       |       ||    17
  Block: Kite shield       |       |       |       |    53 |   514 |   613 |   167 |   528 |   880 ||  2755
         Buckler           |       |       |       |       |    16 |       |       |       |       ||    16

Table legend: (Time is in decaauts)
 A = Elapsed time spent in this place.
 B = Non-inter-level travel time spent in this place.
 C = Inter-level travel time spent in this place.
 D = Time resting spent in this place.
 E = Time spent auto-exploring this place.
 F = Levels seen in this place.
 G = Mean time per level.
                   A        B        C        D        E       F      G
               +--------+--------+--------+--------+--------+-----+--------+
         Total | 130906 | 115146 |  15760 |   4353 |  90730 |  51 | 2566.8 |
       Dungeon |  33550 |  26810 |   6740 |    427 |  22599 |  15 | 2236.7 |
        Temple |     21 |     21 |      0 |      0 |      0 |   1 |   21.0 |
          Lair |  14244 |  12376 |   1868 |    117 |  10437 |   5 | 2848.8 |
         Swamp |   7145 |   6694 |    451 |      0 |   5432 |   4 | 1786.2 |
     Snake Pit |  12482 |  11520 |    962 |    243 |   9513 |   4 | 3120.5 |
  Orcish Mines |   5153 |   4163 |    990 |    192 |   3097 |   2 | 2576.5 |
   Elven Halls |   7408 |   6934 |    474 |    258 |   5631 |   3 | 2469.3 |
        Vaults |  17060 |  15170 |   1890 |   1188 |  10360 |   5 | 3412.0 |
        Depths |  17094 |  15560 |   1534 |    495 |  12351 |   4 | 4273.5 |
           Zot |  14809 |  13963 |    846 |   1202 |  10846 |   5 | 2961.8 |
         Abyss |    102 |    102 |      0 |      0 |     18 |   1 |  102.0 |
       Ossuary |    299 |    299 |      0 |      0 |     57 |   1 |  299.0 |
      Ice Cave |   1534 |   1534 |      0 |    229 |    386 |   1 | 1534.0 |
               +--------+--------+--------+--------+--------+-----+--------+

Top non-repeatable levels by time:
Depths:4: 6255 daAuts
Vaults:5: 4635 daAuts
Depths:2: 4440 daAuts
 Snake:4: 4373 daAuts
    D:15: 4208 daAuts
    D:10: 4196 daAuts
Depths:3: 3817 daAuts
Vaults:3: 3756 daAuts
   Elf:1: 3721 daAuts
   Orc:2: 3618 daAuts
   Zot:4: 3485 daAuts
   Zot:1: 3412 daAuts
Vaults:4: 3351 daAuts
  Lair:5: 3328 daAuts
  Lair:1: 3278 daAuts
